 Dungeon Crawl Stone Soup version 0.30-a0-782-ge64f9170bb (webtiles) character file.

Game seed: 6648316543923590237

760 Leeroy the Carver (level 7, -4/52 HPs)
             Began as a Merfolk Monk on Mar 2, 2023.
             Was a Follower of Uskayaw.
             Slain by an iguana (9 damage)
             ... on level 6 of the Dungeon.
             The game lasted 00:04:51 (4557 turns).

Leeroy the Carver (Merfolk Monk)                    Turns: 4557, Time: 00:04:52

Health: -4/52      AC:  8    Str: 12    XL:     7   Next: 80%
Magic:  5/7        EV: 14    Int: 15    God:    Uskayaw [*.....]
Gold:   271        SH:  0    Dex: 18    Spells: 3/6 levels left

rFire   . . .      SeeInvis .    y - +0 long sword
rCold   . . .      Faith    .    (no shield)
rNeg    . . .      Spirit   .    b - +0 robe
rPois   .          Reflect  .    h - +0 helmet
rElec   .          Harm     .    j - +0 cloak
rCorr   .          Rampage  .    (no gloves)
Will    .....                    (no boots)
Stlth   ++                       (no amulet)
HPRegen 0.28/turn                C - +6 ring of intelligence
MPRegen 0.10/turn                F - +4 ring of protection

@: no status effects
A: (nimble swimmer 2), mertail
a: Renounce Religion, Stomp


You were on level 6 of the Dungeon.
You worshipped Uskayaw.
Uskayaw was noncommittal.
You visited 1 branch of the dungeon, and saw 6 of its levels.

You collected 271 gold pieces.

Inventory:

Hand Weapons
 a - a +0 falchion
 o - a +0 rapier
 p - a +1 hand axe of freezing
 x - a +2 vampiric hand axe
 y - a +0 long sword (weapon)
 N - the +5 spear "Xukhlarch" {heavy, Int-3 Dex+4}
   (You found it on level 5 of the Dungeon)

   Int:       It affects your intelligence (-3).
   Dex:       It affects your dexterity (+4).
Missiles
 s - 12 javelins (quivered)
 u - 3 poisoned darts
 M - 2 boomerangs
Armour
 b - a +0 robe (worn)
 h - a +0 helmet (worn)
 j - a +0 cloak (worn)
Jewellery
 C - a +6 ring of intelligence (left hand)
 F - a +4 ring of protection (right hand)
 I - an amulet of faith
Wands
 c - a wand of charming (3)
 G - a wand of flame (12)
 K - a wand of acid (11)
Scrolls
 d - 2 scrolls of enchant armour {unknown}
 f - 11 scrolls of identify {unknown}
 i - a scroll of butterflies {unknown}
 l - 2 scrolls of vulnerability {unknown}
 m - a scroll of enchant weapon {unknown}
 t - a scroll of blinking {unknown}
 v - a scroll of immolation {unknown}
 w - a scroll of poison {unknown}
 A - 2 scrolls of amnesia {unknown}
 E - 3 scrolls of teleportation {unknown}
 L - a scroll of brand weapon {unknown}
Potions
 e - 3 potions of flight
 g - a potion of berserk rage {unknown}
 k - a potion of curing {unknown}
 n - a potion of cancellation {unknown}
 q - 2 potions of might {unknown}
 r - 3 potions of attraction {unknown}
 z - 2 potions of brilliance {unknown}
 B - a potion of degeneration {unknown}
 D - a potion of lignification {unknown}
 H - a potion of mutation {unknown}
 J - a potion of invisibility {unknown}


   Skills:
 - Level 3.2 Fighting
 + Level 10.7 Long Blades
 - Level 4.0 Dodging
 - Level 2.1 Stealth


You had 3 spell levels left.
You knew the following spells:

 Your Spells              Type           Power      Damage    Failure   Level
a - Swiftness             Air            0%         N/A       63%         3

Your spell library contained the following spells:

 Spells                   Type           Power      Damage    Failure   Level
 Ensorcelled Hibernation  Hex/Ice        0%         N/A       38%         2
 Passwall                 Tmut/Erth      0%         N/A       38%         2
 Portal Projectile        Hex/Tloc       0%         N/A       63%         3
 Tukima's Dance           Hex            0%         N/A       63%         3
 Blade Hands              Tmut           0%         N/A       100%        5


Dungeon Overview and Level Annotations

Branches:
Dungeon (6/15)             Temple (0/1) D:4

Altars:
Dithmenos
Nemelex Xobeh
Uskayaw
Zin


Innate Abilities, Weirdness & Mutations

((You are very nimble when in or above water. (Stealth+, EV+, Speed+++)))
Your lower body shifts to a powerful aquatic tail in water.


Message History

There is a stone staircase leading up here.
You are too injured to fight recklessly!
You completely miss the iguana.
The iguana bites you but does no damage.
You hit the iguana.
The iguana is moderately wounded.
The iguana misses you.
You slash the iguana!
The iguana is severely wounded.
The iguana misses you.
You can now pass through a line of other dancers.
You slash the iguana!
You kill the iguana!
An iguana comes into view.
You see here an iguana corpse.
There is a stone staircase leading up here.
You see here an iguana corpse.
An adder comes into view.
Found a mace.
The adder hisses angrily.
The iguana hisses angrily.
The adder bites you but does no damage. The iguana bites you!
* * * LOW HITPOINT WARNING * * *
The adder bites you but does no damage.
You can no longer pass through a line of other dancers.
You are too injured to fight recklessly!
The iguana closely misses you. The iguana closely misses you.
The adder misses you. The iguana attacks as you move away!
The iguana barely misses you.
You slash the iguana!
The iguana is heavily wounded.
The iguana bites you but does no damage.
You barely miss the iguana.
The iguana is heavily wounded.
The iguana bites you!
* * * LOW HITPOINT WARNING * * *
You closely miss the iguana.
The iguana is heavily wounded.
The iguana bites you!
You die...

... #.. #.###
...# #
####.##.#
#<†...#.##
#...####S...#
##.. #l#..#
#.. #@#..#
#.. #.# .).
#.. #.. ####
#.. #### ...


You could see an iguana and an adder.

Vanquished Creatures
  A black bear (D:4)
  An ogre (D:5)
  A phantom (D:5)
  2 necrophages
  A scorpion (D:4)
  A hound (D:4)
  A jelly (D:5)
  3 orc priests
  An iguana (D:6)
  An orc wizard (D:3)
  3 adders
  A white imp (D:5)
  An ufetubus (D:5)
  2 worms
  3 dart slugs
  13 orcs
  5 ball pythons
  4 endoplasms
  3 giant cockroaches
  5 hobgoblins
  4 jackals (D:1)
  6 kobolds
  A quokka (D:4)
  A bat (D:1)
  2 frilled lizards
  4 goblins
  4 rats
75 creatures vanquished.

Notes
Turn   | Place    | Note
-------+----------+-------------------------------------------
     0 | D:1      | Leeroy the Merfolk Monk began the quest for the Orb.
     0 | D:1      | Reached XP level 1. HP: 18/18 MP: 1/1
   165 | D:1      | Reached skill level 4 in Long Blades
   172 | D:1      | Reached XP level 2. HP: 18/24 MP: 2/2
  1842 | D:3      | Found a hide-covered altar of Uskayaw.
  1861 | D:3      | Reached skill level 5 in Long Blades
  1861 | D:3      | Reached XP level 3. HP: 10/29 MP: 3/3
  1865 | D:3      | Became a worshipper of Uskayaw the Reveller
  1865 | D:3      | Reached * piety under Uskayaw
  2094 | D:3      | Reached ** piety under Uskayaw
  2178 | D:3      | Reached *** piety under Uskayaw
  2202 | D:3      | Reached skill level 6 in Long Blades
  2202 | D:3      | Reached XP level 4. HP: 26/35 MP: 4/4
  2420 | D:3      | Reached XP level 5. HP: 31/41 MP: 5/5
  2658 | D:4      | Found a staircase to the Ecumenical Temple.
  2682 | D:4      | Reached skill level 7 in Long Blades
  2781 | D:4      | Learned a level 3 spell: Swiftness
  2924 | D:4      | Noticed a black bear
  2934 | D:4      | Killed a black bear
  2935 | D:4      | Reached skill level 8 in Long Blades
  2935 | D:4      | Reached XP level 6. HP: 40/47 MP: 6/6
  3585 | D:4      | Reached skill level 9 in Long Blades
  3675 | D:5      | Entered Level 5 of the Dungeon
  3704 | D:5      | Reached XP level 7. HP: 52/52 MP: 7/7
  3938 | D:5      | Found a glowing silver altar of Zin.
  4168 | D:5      | Found a sparkling altar of Nemelex Xobeh.
  4268 | D:5      | Identified the +5 spear "Xukhlarch" {heavy, Int-3 Dex+4}
  4434 | D:5      | Found a shadowy altar of Dithmenos.
  4443 | D:5      | Reached skill level 10 in Long Blades
  4557 | D:6      | Slain by an iguana

Illustrated notes

Levels and vault maps discovered:
D:1:      evilmike_arrival_plus, layout_loops_ring, serial_forest,
          infiniplex_forest_clump_curved, infiniplex_forest_lined_2,
          infiniplex_forest_lined_room_3, infiniplex_forest_lined_corner,
          infiniplex_forest_end_2, infiniplex_forest_3_way,
          infiniplex_forest_end_1, minmay_tetromino_s2
D:2:      layout_basic, amcnicky_mini_rare_corridor_liquid,
          kennysheep_generic_room_11
D:3:      layout_basic, nicolae_uskayaw_murder_on_the_dancefloor
D:4:      layout_gridville, minmay_temple_entry_gardened_gates
D:5:      layout_loops_corners, grunt_temple_overflow_forces_of_nature,
          grunt_dithmenos_shadows, zin_treasury, nemelex_spade_bored_becter,
          nicolae_gozag_seed_capital
D:6:      layout_basic, serial_shops, nicolae_shop_waterfront

Skill      XL: |  1  2  3  4  5  6  7 |
---------------+----------------------+-----
Long Blades    | 4 5 6 8 9 10 | 10.7
Fighting       | |  3.2
Dodging        | |  4.0
Stealth        | |  2.1

Action                     |  1- 3 |  4- 6 |  7- 9 || total
---------------------------+-------+-------+-------++-------
  Melee: Falchion          |   121 |     8 |       ||   129
         Punch             |     2 |     5 |     2 ||     9
         Long sword        |       |   113 |    70 ||   183
 Invoke: Line Pass         |       |       |     1 ||     1
    Use: Potion            |       |     2 |       ||     2
   Stab: Sleeping          |     4 |     5 |       ||     9
         Paralysed         |       |     1 |     2 ||     3
 Armour: Robe              |    31 |    56 |    24 ||   111
  Dodge: Dodged            |    79 |   106 |    43 ||   228

Table legend: (Time is in decaauts)
 A = Elapsed time spent in this place.
 B = Non-inter-level travel time spent in this place.
 C = Inter-level travel time spent in this place.
 D = Time resting spent in this place.
 E = Time spent auto-exploring this place.
 F = Levels seen in this place.
 G = Mean time per level.
                   A        B        C        D        E       F      G
               +--------+--------+--------+--------+--------+-----+--------+
         Total |   4555 |   4358 |    197 |      4 |   3605 |   6 |  759.2 |
       Dungeon |   4555 |   4358 |    197 |      4 |   3605 |   6 |  759.2 |
               +--------+--------+--------+--------+--------+-----+--------+

Top non-repeatable levels by time:
     D:1: 1129 daAuts
     D:4: 1017 daAuts
     D:5: 860 daAuts
     D:3: 830 daAuts
     D:2: 702 daAuts
     D:6: 15 daAuts
